 Dungeon Crawl Stone Soup version 0.17.0-28-g6e173f8 (webtiles) character file.

129 dohliylev the Stinger (level 4, 0/24 HPs)
             Began as a Deep Elf Venom Mage on Nov 24, 2015.
             Was a Follower of Elyvilon.
             Succumbed to their own toxic radiance
             ... on level 3 of the Dungeon.
             The game lasted 00:26:16 (2548 turns).

dohliylev the Stinger (Deep Elf Venom Mage)         Turns: 2548, Time: 00:26:16

Health: 0/24       AC:  3    Str: 10    XL:     4   Next: 88%
Magic:  9/12       EV: 13    Int: 21    God:    Elyvilon [*.....]
Gold:   182        SH:  0    Dex: 15    Spells: 3 memorised, 3 levels left

rFire  + + .     SeeInvis .     (no weapon)
rCold  . . .     Clarity  .     a - +0 robe
rNeg   . . .     SustAt   .     (no shield)
rPois  +         Gourm    .     h - +0 helmet
rElec  +         Spirit   .     (no cloak)
rCorr  +         Warding  .     (no gloves)
rMut   .         Stasis   .     (no boots)
MR     .....                    (no amulet)
Stlth  ++........               z - ring of flight
                                q - ring of fire

@: mighty, lethally poisoned (0 -> -6), resistant, not resistant to hostile
enchantments, unstealthy
A: no striking features
a: Lesser Healing, Divine Protection, Renounce Religion, Evoke Flight


You were on level 3 of the Dungeon.
You worshipped Elyvilon.
Elyvilon was aware of your devotion.
You were not hungry.

You visited 1 branch of the dungeon, and saw 4 of its levels.

You collected 182 gold pieces.

Inventory:

Armour
 a - a +0 robe (worn)
 h - a +0 helmet (worn)
Jewellery
 q - a ring of fire (left hand)
 z - a ring of flight (right hand)
 A - an uncursed ring of see invisible {unknown}
Scrolls
 d - a scroll of noise {unknown}
 e - 2 scrolls of random uselessness {unknown}
 j - 3 scrolls of remove curse {unknown}
 k - 4 scrolls of identify {unknown}
 o - a scroll of fear {unknown}
 r - a scroll of blinking {unknown}
 s - a scroll of recharging {unknown}
 y - a scroll of teleportation {unknown}
 B - a scroll of enchant armour {unknown}
 C - a scroll of amnesia {unknown}
Potions
 g - a potion of cancellation {unknown}
 i - a potion of beneficial mutation {unknown}
 l - a potion of magic {unknown}
 p - a potion of cure mutation {unknown}
 t - a potion of curing {unknown}
 u - a potion of brilliance {unknown}
 v - a potion of mutation {unknown}
Books
 b - a Young Poisoner's Handbook

   Spells                             Type                      Level
   a - Sting                          Conjuration/Poison           1
   b - Cure Poison                    Poison                       2
   c - Mephitic Cloud                 Conjuration/Poison/Air       3
   d - Olgreb's Toxic Radiance        Poison                       4
   e - Venom Bolt                     Conjuration/Poison           5
Comestibles
 c - 5 bread rations
 f - 3 chunks of flesh
 m - 2 beef jerkies
 x - 5 fruits


   Skills:
 + Level 2.8 Dodging
 + Level 2.7 Stealth
 * Level 4.4 Spellcasting
 + Level 1.0 Conjurations
 * Level 5.8 Poison Magic


You had 3 spell levels left.
You knew the following spells:

 Your Spells              Type           Power        Failure   Level  Hunger
a - Sting                 Conj/Pois      ###.         2%          1    None
b - Mephitic Cloud        Conj/Pois/Air  ##......     17%         3    ##.....
c - Olgreb's Toxic Radia  Pois           ####....     14%         4    ####...


Dungeon Overview and Level Annotations

Branches:
Dungeon (4/15)
 Temple: D:4-7

Altars:
Dithmenos
Elyvilon
Ru
The Shining One

Annotations:
D:4 Alethiolet's ghost, amateur CeWn


Message History

You are more poisoned.
Your toxic aura wanes.
* * * LOW HITPOINT WARNING * * *
You feel sick.
You kill the orc!
* * * LOW HITPOINT WARNING * * *
You feel sick.
Some of the chunks of flesh in your inventory have rotted away.
There is a lethal amount of poison in your body!
It was a potion of resistance.
You feel protected.
Memorise Cure Poison, consuming 2 spell levels and leaving 1?
Your memorisation is interrupted.
* * * LOW HITPOINT WARNING * * *
You feel sick.
It was a potion of might.
You feel very mighty all of a sudden.
* * * LOW HITPOINT WARNING * * *
You feel sick.
You die...

#.# ##......#
#.##.####.#.## #.#
##.###.#####..#.#........
#.##
##.###....##......###.##.
#..###.....)........####
#.###
##.....#.).###.###..##
##.###
#########>###.###.).#
#..##< #..##...##..#
#.###.
##..###.##..####.###.
##.@##.##(......##..
##....##)####..##.#
###.....(......#.#
#....(.......#.#
#.........(..#.#
#.......#..#...#
#............###
#.......##......
#######.......########


There were no monsters in sight!

Vanquished Creatures
  7 adders
  A worm (D:3)
  2 giant geckos
  4 orcs
  8 bats
  A giant cockroach (D:2)
  6 goblins
  9 hobgoblins
  3 kobolds
  A quokka (D:4)
  3 ball pythons
  2 giant newts
  3 jackals (D:4)
  11 rats
61 creatures vanquished.

Notes
Turn   | Place    | Note
--------------------------------------------------------------
     0 | D:1      | dohliylev the Deep Elf Venom Mage began the quest for the Orb.
     0 | D:1      | Reached XP level 1. HP: 10/10 MP: 6/6
   474 | D:1      | Reached XP level 2. HP: 15/15 MP: 4/8
   626 | D:1      | Found a glowing golden altar of the Shining One.
  1001 | D:2      | Reached skill level 5 in Poison Magic
  1116 | D:2      | Found a shadowy altar of Dithmenos.
  1129 | D:2      | Reached XP level 3. HP: 17/19 MP: 3/9
  1157 | D:2      | Found a sacrificial altar of Ru.
  1889 | D:3      | Reached XP level 4. HP: 24/24 MP: 4/11
  2077 | D:3      | Found a faded altar to an unknown god.
  2121 | D:3      | Became a worshipper of Elyvilon the Healer
  2121 | D:3      | Reached * piety under Elyvilon
  2136 | D:3      | Reached skill level 1 in Conjurations
  2347 | D:3      | Learned a level 3 spell: Mephitic Cloud
  2352 | D:3      | Learned a level 4 spell: Olgreb's Toxic Radiance
  2429 | D:4      | Noticed Alethiolet's ghost (amateur CeWn)
  2544 | D:3      | HP: 1/24 [poisoned by you (toxic radiance)]
  2548 | D:3      | Succumbed to their own toxic radiance

Action                   |  1- 3 |  4- 6 || total
-------------------------+-------+-------++-------
 Cast: Sting             |    81 |    40 ||   121
       Olgreb's Toxic Ra |       |     3 ||     3
       Mephitic Cloud    |       |     2 ||     2
  Use: Potion            |       |     2 ||     2
  Eat: Chunk             |     3 |     2 ||     5
